 Seeded DCSS version 0.29.1-15-g9cfb28693d (webtiles) character file.

Game seed: 16245865983455551772 (custom seed)

97 Darius099 the Sneak (level 4, 0/29 HPs)
             Began as an Octopode Brigand on Mar 8, 2023.
             Slain by an orc
             ... wielding a +0 dagger
              (1 damage)
             ... on level 3 of the Dungeon.
             The game lasted 00:03:04 (2118 turns).

Darius099 the Sneak (Octopode Brigand)              Turns: 2118, Time: 00:03:06

Health: 0/29       AC:  1    Str: 10    XL:     4   Next: 68%
Magic:  4/4        EV: 13    Int: 25    God:
Gold:   1775       SH:  0    Dex: 15    Spells: 3/3 levels left

rFire   . . .      SeeInvis .   a - +2 dagger
rCold   . . .      Faith    .   (no shield)
rNeg    . . .      Spirit   .   (helmet restricted)
rPois   .          Reflect  .   (no amulet)
rElec   .          Harm     .   h - +6 ring of intelligence
rCorr   .          Rampage  .   i - +6 ring of intelligence
Will    .....                   (no ring)
Stlth   +++++.....              (no ring)
HPRegen 0.09/turn               (no ring)
MPRegen 0.09/turn               (no ring)
                                (no ring)
                                (no ring)

@: studying Stealth
A: almost no armour, amphibious, 8 rings, camouflage 1, gelatinous body 1,
(nimble swimmer 1), tentacles
a: no special abilities


You were on level 3 of the Dungeon.
You visited 1 branch of the dungeon, and saw 3 of its levels.

You collected 1775 gold pieces.

Inventory:

Hand Weapons
 a - a +2 dagger (weapon)
Missiles
 b - 11 poisoned darts (quivered)
 c - 3 curare-tipped darts
Jewellery
 h - a +6 ring of intelligence (left tentacle)
 i - a +6 ring of intelligence (right tentacle)
Wands
 m - a wand of roots (4)
Scrolls
 g - 2 scrolls of teleportation {unknown}
 j - 2 scrolls of identify {unknown}
 k - a scroll of enchant weapon {unknown}
 l - a scroll of summoning {unknown}
 n - a scroll of noise {unknown}
Potions
 d - a potion of lignification {unknown}
 e - a potion of might {unknown}
 f - 2 potions of flight {unknown}


   Skills:
 - Level 2.1 Fighting
 + Level 3.4 Short Blades
 - Level 2.1 Throwing
 - Level 1.2 Dodging
 + Level 7.5 Stealth


You had 3 spell levels left.
You didn't know any spells.
Your spell library contained the following spells:

 Spells                   Type           Power      Damage    Failure   Level
 Sting                    Tmut/Pois      0%         1d3       14%         1
 Poisonous Vapours        Pois/Air       0%         N/A       21%         2
 Olgreb's Toxic Radiance  Pois           0%         N/A       80%         4
 Chain Lightning          Conj/Air       0%         N/A       100%        9
 Fire Storm               Conj/Fire      0%         5d1       100%        9
 Shatter                  Erth           0%         3d5*      100%        9


Dungeon Overview and Level Annotations

Branches:
Dungeon (3/15)

Altars:

Shops:
D:3 [


Innate Abilities, Weirdness & Mutations

You cannot wear most types of armour.
You are amphibious.
You can wear up to eight rings at the same time.
Your skin changes colour to match your surroundings (Stealth+).
Your rubbery body absorbs attacks. (AC +1, EV +1)
((You are camouflaged when in or above water. (Stealth+)))
You have tentacles for arms and can constrict up to eight enemies at once.


Message History

The orc wizard hits you with a +0 dagger.
You hit the orc wizard. You squeeze the orc wizard.
You kill the orc wizard!
An orc wizard comes into view. It is wielding a +0 dagger.
The orc wizard shouts!
You hit the orc. Your grab misses the orc.
The orc is severely wounded.
The orc hits you with a +0 dagger. The orc barely misses you.
The orc misses you.
You hit the orc. You grab the orc.
The orc is almost dead.
You constrict the orc.
You kill the orc!
You hit the orc but do no damage. Your grab misses the orc.
The orc barely misses you. x2
You hit the orc. You grab the orc.
The orc is lightly wounded.
You constrict the orc. The orc barely misses you. x2
You hit the orc wizard. Your grab misses the orc wizard.
Your squeeze misses the orc wizard.
The orc wizard is moderately wounded.
You constrict the orc, but do no damage.
The orc barely misses you. The orc misses you.
The orc wizard gestures at you while chanting.
The puff of flame hits you!
You barely miss the orc wizard. Your grab misses the orc wizard.
The orc wizard is moderately wounded.
You constrict the orc, but do no damage.
The orc hits you with a +0 dagger.
* * * LOW HITPOINT WARNING * * *
The orc barely misses you.
The orc wizard hits you with a +0 dagger.
* * * LOW HITPOINT WARNING * * *
You barely miss the orc wizard. Your grab misses the orc wizard.
Your tentacle-slap misses the orc wizard.
The orc wizard is moderately wounded.
You constrict the orc. The orc hits you with a +0 dagger.
* * * LOW HITPOINT WARNING * * *
The orc hits you with a +0 dagger.
You die...

###### .... ..#
###.#####.##### .#
......o@o.....# #.#
###.###o#...#.## #.#
#..#.#...# #.#
#...∩....# #.#
#..#.#...# #.#
#.#...#..#######.#
.................>#
###.#.############.#
...#. .........#


You could see an orc wizard and 2 orcs.

Vanquished Creatures
  Jessica (D:2)
  An orc wizard (D:3)
  An adder (D:2)
  An orc (D:3)
  2 ball pythons (D:1)
  3 bats
  4 endoplasms (D:1)
  2 goblins (D:1)
  5 hobgoblins
  4 kobolds
  3 quokkas (D:1)
  3 frilled lizards
  5 rats
35 creatures vanquished.

Notes
Turn   | Place    | Note
-------+----------+-------------------------------------------
     0 | D:1      | Darius099 the Octopode Brigand began the quest for the Orb.
     0 | D:1      | Reached XP level 1. HP: 14/14 MP: 1/1
   284 | D:1      | Reached XP level 2. HP: 19/19 MP: 2/2
   352 | D:1      | Found a faded altar of an unknown god.
   985 | D:1      | Reached XP level 3. HP: 24/24 MP: 3/3
   994 | D:1      | Identified 3 scrolls of acquirement
   994 | D:1      | Acquired 1025 gold pieces
   998 | D:1      | Acquired 628 gold pieces
  1002 | D:1      | Acquired a manual of Stealth
  1073 | D:2      | Reached skill level 6 in Stealth
  1269 | D:2      | Noticed Jessica
  1273 | D:2      | Killed Jessica
  1274 | D:2      | Reached XP level 4. HP: 29/29 MP: 4/4
  1961 | D:3      | Reached skill level 7 in Stealth
  2093 | D:3      | Found Ymmy Ciutu's Antique Armour Shoppe.
  2118 | D:3      | HP: 1/29 [orc/+0 dagger (2)]
  2118 | D:3      | Slain by an orc

Illustrated notes

Levels and vault maps discovered:
D:1:      minmay_arrival_hallway, layout_loops_corners, basic_ecumenical_altar,
          minmay_unequal
D:2:      layout_loops_ring, uniq_jessica
D:3:      layout_basic, serial_shops, nicolae_shop_advertising_works
          [nicolae_subvault_shop_adworks], minmay_shallow_snake_nest,
          uniq_natasha

Skill      XL: |  1  2  3  4 |
---------------+-------------+-----
Stealth        | 6 7 |  7.5
Short Blades   | 3 |  3.4
Fighting       | |  2.1
Throwing       | |  2.1
Dodging        | |  1.2

Action                   |  1- 3 |  4- 6 || total
-------------------------+-------+-------++-------
Melee: Dagger            |    36 |    27 ||    63
       Constrict         |     7 |     8 ||    15
       Tentacles         |     3 |     2 ||     5
  Use: Scroll            |     3 |       ||     3
 Stab: Sleeping          |    10 |     7 ||    17
Armor: Skin              |     3 |       ||     3
Dodge: Dodged            |    12 |    18 ||    30
